 Dungeon Crawl Stone Soup version 0.26.1-11-gd32895ea62 (webtiles) character file.

Game seed: 13451903354941148889

3880 Zeld the Slicer (level 10, -3/66 HPs)
             Began as an Octopode Brigand on May 12, 2021.
             Was a Priest of Fedhas.
             Slain by a wyvern (13 damage)
             ... on level 8 of the Dungeon.
             The game lasted 00:14:53 (16695 turns).

Zeld the Slicer (Octopode Brigand)                 Turns: 16695, Time: 00:14:55

Health: -3/66      AC:  1    Str: 14    XL:     10   Next: 19%
Magic:  14/14      EV: 15    Int: 14    God:    Fedhas [***...]
Gold:   24         SH:  0    Dex: 13    Spells: 15/15 levels left

rFire    . . .     SeeInvis .   d - +2 dagger (flame)
rCold    + . .     Faith    .   (no shield)
rNeg     . . .     Spirit   .   (helmet restricted)
rPois    .         Reflect  .   (no amulet)
rElec    .         Harm     .   j - ring of protection from cold
rCorr    .         Rampage  .   (no ring)
Will     .....                  (no ring)
Stlth    ++++......             (no ring)
HPRegen  0.21/turn              (no ring)
MPRegen  0.14/turn              (no ring)
                                (no ring)
                                (no ring)

@: mighty, slowed, very slow
A: almost no armour, stealthy swim, amphibious, 8 rings, constrict 8, camouflage
1, gelatinous body 1
a: Renounce Religion, Wall of Briars, Grow Ballistomycete


You were on level 8 of the Dungeon.
You worshipped Fedhas.
Fedhas was most pleased with you.
You visited 2 branches of the dungeon, and saw 9 of its levels.

You collected 426 gold pieces.
You spent 402 gold pieces at shops.

Inventory:

Hand Weapons
 a - a +2 dagger
 d - a +2 dagger of flaming (weapon)
Missiles
 b - 3 poisoned darts (quivered)
 c - 2 curare-tipped darts
 A - 2 atropa-tipped darts
Jewellery
 j - a ring of protection from cold (left tentacle)
Wands
 f - a wand of paralysis (18)
 i - a wand of polymorph (25)
 u - a wand of flame (34)
 v - a wand of random effects (11)
 y - a wand of acid (6)
Scrolls
 e - a scroll of amnesia {unknown}
 k - a scroll of remove curse
 l - 5 scrolls of teleportation
 r - a scroll of enchant armour {unknown}
 t - a scroll of magic mapping
 w - a scroll of immolation {unknown}
 B - a scroll of random uselessness {unknown}
Potions
 g - a potion of degeneration {unknown}
 h - 2 potions of resistance {unknown}
 m - a potion of brilliance {unknown}
 n - a potion of mutation {unknown}
 o - a potion of flight {unknown}
 p - a potion of heal wounds {unknown}
 q - 3 potions of ambrosia
 s - 2 potions of haste
 x - a potion of curing
 C - a potion of berserk rage {unknown}


   Skills:
 * Level 5.3 Fighting
 - Level 10.0 Short Blades
 - Level 6.0 Throwing
 * Level 5.0 Dodging
 - Level 5.3 Stealth
 - Level 2.0 Shields
 - Level 3.0 Spellcasting
 * Level 3.4 Invocations


You had 15 spell levels left.
You didn't know any spells.
Your spell library was empty.

Dungeon Overview and Level Annotations

Branches:
Dungeon (8/15)             Temple (1/1) D:6
   Lair: D:8-11

Altars:
Ashenzari
Cheibriados
Dithmenos
Elyvilon
Fedhas
Gozag
Hepliaklqana
Kikubaaqudgha
Makhleb
Nemelex Xobeh
Okawaru
Qazlal
Ru
Sif Muna
Trog
Uskayaw
Vehumet
Wu Jian
Xom
Yredelemnul
Zin
The Shining One

Shops:
D:4 }   D:5 !   D:7 ([(!

Annotations:
D:3 1 runed translucent door, 3t5h's ghost, amateur DrTm


Innate Abilities, Weirdness & Mutations

You cannot wear most types of armour.
You are very stealthy in the water. (Stealth+)
You are amphibious.
You can wear up to eight rings at the same time.
You can use your tentacles to constrict eight enemies at once.
Your skin changes colour to match your surroundings (Stealth+).
Your rubbery body absorbs attacks. (AC +1, EV +1)


Message History

The elephant misses you.
The elephant trunk-slaps you but does no damage.
The worker ant bites you!
As you read the scroll of teleportation, it crumbles to dust.
You feel strangely unstable. The elephant tramples you!
You stumble backwards!
You are too injured to fight recklessly!
You are too injured to fight recklessly!
The elephant closely misses you.
The elephant trunk-slaps you but does no damage.
Your surroundings seem slightly different.
The elephant tramples you.
You stumble backwards!
The elephant closely misses you. The elephant trunk-slaps you.
The elephant completely misses you. The elephant trunk-slaps you.
The wyvern bites you!!
* * * LOW HITPOINT WARNING * * *
The orc hits you with a cursed -1 club.
* * * LOW HITPOINT WARNING * * *
The wyvern bites you!
You die...
Fedhas appreciates your contribution to the ecosystem.

#... ... ..h#
##########..... ...#
#......Bl.....( ...#
#....###....(..
#g###########....####.....(
.....................#.....
###ggh.######)...##..##....
..........#....l.....# ##..
###....##.#)#..o@##..... .
#....##.#.#.YB.# ....
#...###.#.###### . . #...#
#.#.####### #...#
#.........# #...#
#...).....#
#...###.........##
#................#
#...####........##


You could see an elephant, a wyvern, a worker ant and an orc.

Vanquished Creatures
  Erica (D:8)
  Pikel (D:6)
  2 sky beasts (D:7)
  2 ogres
  A phantom (D:5)
  A necrophage (D:6)
  3 centaurs
  A lemure (D:6)
  Blork the orc (D:5)
  A gnoll sergeant (D:8)
  5 bullfrogs
  A scorpion (D:5)
  6 howler monkeys
  A crimson imp (D:7)
  A quasit (D:7)
  9 orc wizards
  A bullfrog skeleton (D:4)
  A gnoll shaman (D:6)
  4 orc priests
  2 hounds
  Crazy Yiuf (D:7)
  2 iguanas
  2 worker ants
  A hound zombie (D:7)
  33 gnolls
  6 adders
  4 white imps
  2 ufetubi (D:8)
  2 oozes
  An adder skeleton (D:4)
  An adder zombie (D:4)
  3 dart slugs (D:1)
  6 leopard geckos
  17 orcs
  9 bats
  6 giant cockroaches
  3 hobgoblins (D:1)
  29 jackals
  5 quokkas
  A ball python (D:7)
  6 frilled lizards
  11 goblins
  8 kobolds
  A leopard gecko zombie (D:5)
  A quokka zombie (D:7)
  14 rats
220 creatures vanquished.

Vanquished Creatures (collateral kills)
  An ice beast (D:8)
1 creature vanquished.

Vanquished Creatures (others)
  4 plants
4 creatures vanquished.

Grand Total: 225 creatures vanquished

Notes
Turn   | Place    | Note
-------+----------+-------------------------------------------
     0 | D:1      | Zeld the Octopode Brigand began the quest for the Orb.
     0 | D:1      | Reached XP level 1. HP: 14/14 MP: 1/1
   224 | D:1      | Reached XP level 2. HP: 19/19 MP: 2/2
   473 | D:1      | Reached XP level 3. HP: 20/24 MP: 3/3
  1318 | D:2      | Reached XP level 4. HP: 27/29 MP: 4/4
  1371 | D:2      | Found a broken altar of Ashenzari.
  2853 | D:1      | Reached skill level 5 in Throwing
  2853 | D:1      | Reached XP level 5. HP: 28/34 MP: 5/5
  4249 | D:3      | Found a runed translucent door.
  4249 | D:3      | Noticed 3t5h's ghost (amateur DrTm)
  4662 | D:3      | Reached XP level 6. HP: 39/39 MP: 6/6
  5251 | D:4      | Reached skill level 3 in Short Blades
  5402 | D:4      | Found Tirphas's Gadget Shoppe.
  5413 | D:4      | Reached skill level 4 in Short Blades
  5424 | D:4      | Bought a wand of flame (3) for 27 gold pieces
  5424 | D:4      | Bought a wand of random effects (13) for 82 gold pieces
  5537 | D:4      | Found a hide-covered altar of Uskayaw.
  5537 | D:4      | Found a glowing silver altar of Zin.
  5544 | D:4      | Found a shadowy altar of Dithmenos.
  5547 | D:4      | Found an ancient bone altar of Kikubaaqudgha.
  5549 | D:4      | Found a glowing golden altar of the Shining One.
  5671 | D:5      | Entered Level 5 of the Dungeon
  5677 | D:5      | Noticed a phantom
  5720 | D:5      | Found an ornate altar of the Wu Jian Council.
  5732 | D:5      | Found Butwev's Distillery.
  5735 | D:5      | Found a blossoming altar of Fedhas.
  5753 | D:5      | Became a worshipper of Fedhas Madash
  5838 | D:5      | Found an iron altar of Okawaru.
  5900 | D:5      | Noticed Blork the orc
  5924 | D:5      | Reached XP level 7. HP: 45/45 MP: 7/7
  6068 | D:4      | Reached skill level 5 in Short Blades
  6965 | D:5      | Killed Blork the orc
  7021 | D:5      | Reached skill level 6 in Short Blades
  8081 | D:5      | Bought a potion of haste for 110 gold pieces
  9179 | D:6      | Reached skill level 7 in Short Blades
  9179 | D:6      | Reached XP level 8. HP: 36/50 MP: 8/8
  9299 | D:6      | Reached * piety under Fedhas
  9439 | D:6      | Noticed Pikel
  9480 | D:6      | Killed Pikel
  9481 | D:6      | Reached skill level 8 in Short Blades
  9587 | D:6      | Reached skill level 9 in Short Blades
 10402 | D:6      | Reached ** piety under Fedhas
 10799 | D:6      | Found a staircase to the Ecumenical Temple.
 10821 | D:6      | Reached XP level 9. HP: 45/54 MP: 9/9
 10832 | Temple   | Entered the Ecumenical Temple
 11434 | D:6      | Found a sacrificial altar of Ru.
 11795 | D:6      | Reached skill level 10 in Short Blades
 11795 | D:6      | Reached skill level 1 in Shields
 12370 | D:6      | Reached skill level 1 in Spellcasting
 12532 | D:5      | Bought a potion of ambrosia for 88 gold pieces
 12532 | D:5      | Bought a potion of might for 44 gold pieces
 12563 | D:7      | Found Henemo's Antique Armour Shop.
 12565 | D:7      | Found Acza's Weapon Shop.
 12566 | D:7      | Found Gint's Weapon Shop.
 12578 | D:7      | Found Bamying's Distillery.
 12676 | D:7      | Bought a potion of curing for 33 gold pieces
 12910 | D:7      | Found a burning altar of Makhleb.
 12915 | D:7      | Found a shimmering altar of Xom.
 13130 | D:7      | Found a snail-covered altar of Cheibriados.
 13265 | D:7      | Found a runed translucent door.
 13266 | D:7      | Noticed Crazy Yiuf
 13273 | D:7      | Killed Crazy Yiuf
 13433 | D:7      | Found a shimmering blue altar of Sif Muna.
 13566 | D:7      | Found a shimmering blue altar of Sif Muna.
 13568 | D:7      | Found a white marble altar of Elyvilon.
 13839 | D:7      | Bought 2 atropa-tipped darts for 18 gold pieces
 13992 | D:7      | Reached *** piety under Fedhas
 15359 | D:8      | Noticed an elephant
 15605 | D:7      | Reached skill level 1 in Invocations
 16646 | D:8      | Noticed Erica
 16679 | D:8      | Killed Erica
 16680 | D:8      | Reached skill level 5 in Fighting
 16680 | D:8      | Reached skill level 5 in Dodging
 16680 | D:8      | Reached XP level 10. HP: 66/66 MP: 14/14
 16695 | D:8      | Slain by a wyvern

Illustrated notes

Levels and vault maps discovered:
D:1:      zelgadis_glass_arrival_small, layout_basic, serial_curves,
          eino_curves_03, eino_curves_04, grunt_decor_one_mirror,
          item_on_display_b
D:2:      layout_rooms, lemuel_round_altar
D:3:      layout_basic, hellmonk_ghost_happy_afterlife, nrook_campfire,
          kennysheep_generic_room_8
D:4:      layout_rooms, chequers_temple_overflow_minitemple, serial_shops, shop
D:5:      layout_cave_pods, okawaru_metal_pillars_1_2, lemuel_crystal_altar,
          basic_altar, portal_sewer_entry_f, serial_shops,
          nicolae_shop_temple_entry_statues_fountains, uniq_blork_the_orc
D:6:      lemuel_castle_with_subvaults [lemuel_castle_interior_carwin_2],
          layout_basic, minmay_temple_entry_ruins, basic_altar, uniq_pikel
D:7:      layout_loops_cross, grunt_temple_overflow_champion_of_chaos,
          grunt_temple_overflow_open, old_standard_altar,
          minmay_shop_grid_forest, lemuel_blue_sif_altar,
          uniq_crazy_yiuf_cottage
D:8:      layout_basic, david_lair_generic, serial_curves, eino_curves_01,
          eino_curves_03, grunt_ministairs_3, uniq_erica
Temple:   jpeg_temple_island

Skill      XL: |  1  2  3  4  5  6  7  8  9 |
---------------+----------------------------+-----
Throwing       | 3 4 5 6 |  6.0
Short Blades   | 4 7 9 10 | 10.0
Shields        | 2 |  2.0
Spellcasting   | 3 |  3.0
Dodging        | 5 |  5.0
Fighting       | 5 |  5.3
Invocations    | 3 |  3.4
Stealth        | |  5.3

Action                   |  1- 3 |  4- 6 |  7- 9 | 10-12 || total
-------------------------+-------+-------+-------+-------++-------
Melee: Dagger            |    61 |   110 |   463 |     6 ||   640
       Constrict         |    11 |    32 |    90 |       ||   133
       Tentacles         |     8 |    29 |   110 |       ||   147
Throw: Dart              |       |     6 |    19 |       ||    25
Invok: Wall of Briars    |       |       |     1 |       ||     1
Evoke: Wand              |       |       |     2 |       ||     2
  Use: Scroll            |       |     7 |     1 |     1 ||     9
       Potion            |       |       |     3 |       ||     3
 Stab: Sleeping          |    19 |     8 |    10 |       ||    37
       Distracted        |       |     1 |     4 |       ||     5
Armor: Skin              |     2 |     6 |    39 |    11 ||    58
Dodge: Dodged            |    16 |    66 |   214 |     4 ||   300
